 Dungeon Crawl Stone Soup version 0.31.0-1-g2c135a008e (webtiles) character file.

Game seed: 13530338150374135679

63 qw the Shooter (level 4, -4/35 HPs)
             Began as a Djinni Hunter on Jan 23, 2024.
             Slain by an ice beast (10 damage)
             ... on level 3 of the Dungeon.
             The game lasted 00:00:05 (1299 turns).

qw the Shooter (Djinni Hunter)                      Turns: 1299, Time: 00:00:05

Health: -4/35      AC:  8    Str: 10    XL:     4   Next: 30%
Gold:   74         EV: 11    Int: 10    God:
                   SH:  0    Dex: 19

rFire   + + .        a - +0 shortbow
rCold   x . .        (shield currently unavailable)
rNeg    . . .        f - +0 ring mail
rPois   inf          (no helmet)
rElec   .            e - +2 cloak
rCorr   .            (no gloves)
SInv    .            (boots unavailable)
Will    +....        (no amulet)
Stlth   +            d - ring of willpower
HPRegen 0.25/turn    (no ring)
MPRegen 0.00/turn

%: infuse magic (-5 HP)
@: flying
A: sickness immunity, fire resistance 2, cold vulnerability 1, float, innate
caster, HP casting, extra vitality 1
a: no special abilities


You were on level 3 of the Dungeon.
You visited 1 branch of the dungeon, and saw 3 of its levels.

You collected 74 gold pieces.


Innate Abilities, Weirdness & Mutations

You are immune to sickness and miasma.
You are immune to poison.
Your flesh is very heat resistant. (rF++)
You are vulnerable to cold. (rC-)
You float through the air rather than walking.
You learn spells naturally, not from books.
Your magical power is your life essence.
You have superior vitality. (+4 MHP)


   Skills:
 - Level 3.0 Fighting
 - Level 4.0 Ranged Weapons
 + Level 0.1 Armour
 - Level 2.5 Dodging
 - Level 0.7 Stealth


You knew the following spells:

 Your Spells              Type           Power      Damage    Failure   Level
a - Freeze                Ice            0%         1d3       69%         1
Your spell library was empty.

Inventory:

Hand Weapons
 a - a +0 shortbow (weapon)
Armour
 e - a +2 cloak (worn)
 f - a +0 ring mail (worn)
Jewellery
 d - a ring of willpower (left hand)
Potions
 h - a potion of haste {unknown}
 i - a potion of mutation {unknown}

Dungeon Overview and Level Annotations

Branches:
Dungeon (3/15)

Altars:


Message History

An ice beast comes into view.
You shoot an arrow. The arrow closely misses the ice beast.
You shoot an arrow.
The arrow hits the ice beast but does no damage.
You shoot an arrow. The arrow hits the ice beast!
The ice beast is moderately wounded.
The ice beast hits you but does no damage.
You shoot an arrow.
The arrow hits the ice beast but does no damage.
The ice beast is moderately wounded.
The ice beast hits you but does no damage.
You shoot an arrow. The arrow hits the ice beast.
The ice beast is moderately wounded.
The ice beast misses you.
You shoot an arrow.
The arrow hits the ice beast but does no damage.
The ice beast is moderately wounded.
The ice beast hits you but does no damage.
The ice beast barely misses you.
You shoot an arrow. The arrow closely misses the ice beast.
The ice beast hits you but does no damage.
You shoot an arrow. The arrow closely misses the ice beast.
The ice beast barely misses you. The ice beast misses you.
You shoot an arrow. The arrow closely misses the ice beast.
The ice beast hits you but does no damage.
You shoot an arrow. The arrow barely misses the ice beast.
The ice beast hits you. The ice beast freezes you!
You feel a terrible chill!
You shoot an arrow. The arrow closely misses the ice beast.
The ice beast hits you. The ice beast freezes you!
You feel a terrible chill! The ice beast closely misses you.
You shoot an arrow. The arrow hits the ice beast.
The ice beast is moderately wounded.
The ice beast closely misses you.
You shoot an arrow.
The arrow completely misses the ice beast.
The ice beast barely misses you.
You shoot an arrow. The arrow barely misses the ice beast.
The ice beast closely misses you. The ice beast hits you.
The ice beast freezes you!
You feel a terrible chill!
You die...

.........¤
.$..~.~..
###
...[.....
#.#
...¤...~.
#####.#
#....~...
#<....#
#..¤...~.
#####.#
#.Y......
#.# #@#
#.#####.#
#.......#
#########


You could see an ice beast.

Vanquished Creatures
  A gnoll (D:1)
  A dart slug (D:2)
  5 bats
  5 endoplasms
  A giant cockroach (D:2)
  3 goblins
  7 hobgoblins
  3 jackals (D:2)
  4 kobolds
  A quokka (D:1)
  8 ball pythons
  6 rats
45 creatures vanquished.

Notes
Turn   | Place    | Note
-------+----------+-------------------------------------------
     0 | D:1      | qw the Djinni Hunter began the quest for the Orb.
     0 | D:1      | Reached XP level 1. HP: 18/18 MP: 0/0
     0 | D:1      | 0 ||| qw: Version: 0.3-a-136-gdd3b4e8
     0 | D:1      | 0 ||| qw: Game counter: 1136
     0 | D:1      | 0 ||| qw: Melee chars always use a shield: true
     0 | D:1      | 0 ||| qw: God list: Okawaru
     0 | D:1      | 0 ||| qw: Allow faded altars: false
     0 | D:1      | 0 ||| qw: Do Orc after clearing Dungeon:15 true
     0 | D:1      | 0 ||| qw: Do second Lair branch before Depths: true
     0 | D:1      | 0 ||| qw: Lair rune preference: random
     0 | D:1      | 0 ||| qw: Goals: Normal
     0 | D:1      | 0 ||| PLANNING D:1-11
   191 | D:1      | Reached XP level 2. HP: 23/23 MP: 0/0
   586 | D:1      | Reached skill level 4 in Ranged Weapons
   586 | D:1      | Reached XP level 3. HP: 28/28 MP: 0/0
   586 | D:1      | Learned a level 1 spell: Freeze
   652 | D:1      | 652 ||| UPGRADING to +2 cloak.
   657 | D:1      | 657 ||| UPGRADING to ring of willpower.
   658 | D:1      | 658 ||| READING scroll labelled LYUBLI YSHOCUMIGH.
   710 | D:1      | 710 ||| READING scroll labelled YDOLARPH ASUI.
   711 | D:1      | 711 ||| DROPPING scroll of butterflies.
   867 | D:2      | Reached XP level 4. HP: 34/34 MP: 0/0
   869 | D:2      | Reached skill level 3 in Fighting
  1235 | D:2      | 1235 ||| UPGRADING to +0 ring mail.
  1245 | D:2      | 1245 ||| DROPPING +0 leather armour.
  1246 | D:2      | 1246 ||| DROPPING +6 ring of intelligence.
  1247 | D:2      | 1247 ||| READING scroll labelled GAYDURGHIPH.
  1285 | D:3      | Noticed an ice beast
  1296 | D:3      | HP: 6/35 [ice beast (15)]
  1299 | D:3      | Slain by an ice beast

Levels and vault maps discovered:
D:1:      dpeg_arrival_circle_labyrinth_a, layout_loops_ring, nrook_campfire
D:2:      layout_basic, minmay_pentomino_v2
D:3:      layout_basic, serial_shops, shop, hangedman_decor_clover_reticule,
          nicolae_kite_square_tiling_tiny, uniq_grinder

Skill      XL: |  1  2  3  4 |
---------------+-------------+-----
Ranged Weapons | 4 |  4.0
Fighting       | 3 |  3.0
Armour         | |  0.1
Dodging        | |  2.5
Stealth        | |  0.7

Action                     |  1- 3 |  4- 6 || total
---------------------------+-------+-------++-------
   Fire: Shortbow          |    74 |    34 ||   108
    Use: Scroll            |     2 |     1 ||     3
 Armour: Leather armour    |     8 |       ||     8
         Ring mail         |       |     8 ||     8
  Dodge: Dodged            |    15 |     8 ||    23

Table legend:
 A = Non-vault XP
 B = Vault XP
 C = Vault XP percentage of total XP
 D = Non-vault monster count
 E = Vault monster count
 F = Vault count percentage of total count
                 A         B        C        D         E       F
            +---------+---------+-------+---------+---------+-------
      Total |      89 |       1 |   1.1 |      44 |       1 |   2.2
            +---------+---------+-------+---------+---------+-------
        D:1 |      43 |       0 |   0.0 |      20 |       0 |   0.0
        D:2 |      44 |       1 |   2.2 |      23 |       1 |   4.2
        D:3 |       2 |       0 |   0.0 |       1 |       0 |   0.0
            +---------+---------+-------+---------+---------+-------
